 Dungeon Crawl Stone Soup version 0.29-a0-451-gfbfa42419e (webtiles) character file.

Game seed: 8313157590414170625

73 bande the Quickloader (level 4, -2/34 HPs)
             Began as a Gnoll Wanderer on May 19, 2022.
             Slain by Crazy Yiuf
             ... wielding a +4 quarterstaff of chaos
              (13 damage)
             ... on level 2 of the Dungeon.
             The game lasted 00:02:55 (1638 turns).

bande the Quickloader (Gnoll Wanderer)              Turns: 1638, Time: 00:02:55

Health: -2/34      AC:  3    Str: 11    XL:     4   Next: 27%
Magic:  7/8        EV: 11    Int: 10    God:
Gold:   120        SH:  0    Dex: 15    Spells: 8/9 levels left

rFire   . . .      SeeInvis .   a - +0 hand crossbow (vorpal)
rCold   . . .      Faith    .   (no shield)
rNeg    . . .      Spirit   .   e - +0 leather armour
rPois   .          Reflect  .   (no helmet)
rElec   .          Harm     .   (no cloak)
rCorr   .          Rampage  .   (no gloves)
Will    ++...                   (no boots)
Stlth   ++........              (no amulet)
HPRegen 0.11/turn               i - ring of willpower
MPRegen 0.11/turn               j - ring of willpower

@: no status effects
A: fangs 1, strong nose, distributed training
a: no special abilities


You were on level 2 of the Dungeon.
You visited 1 branch of the dungeon, and saw 2 of its levels.

You collected 120 gold pieces.

Inventory:

Hand Weapons
 a - a +0 vorpal hand crossbow (weapon)
 c - a +0 dagger
 n - the +5 mace of Lies {drain, *Noise Drain rF+++ rN++}
   (You found it on level 2 of the Dungeon)

   A truly terrible weapon, it drains the life of any living foe it strikes.
   rF:        It renders you almost immune to fire.
   rN:        It greatly protects you from negative energy.
   *Noise:    It may make noises in combat.
   Drain:     It drains your maximum health when unequipped.
 o - the +7 mace "Ylafuiq" {drain, SInv Stlth+}
   (You found it on level 2 of the Dungeon)

   A truly terrible weapon, it drains the life of any living foe it strikes.
   SInv:      It lets you see invisible.
   Stlth:     It makes you more stealthy.
Missiles
 b - 9 boomerangs (quivered)
Armour
 e - a +0 leather armour (worn)
Jewellery
 i - a ring of willpower (left hand)
 j - a ring of willpower (right hand)
 l - a ring of flight
Scrolls
 f - a scroll of identify
 k - a scroll of blinking {unknown}
Potions
 d - a potion of curing
 g - 2 potions of cancellation
 h - a potion of haste {unknown}
 m - a potion of invisibility {unknown}


   Skills:
 + Level 2.7 Fighting
 + Level 1.1 Short Blades
 + Level 1.1 Long Blades
 + Level 1.1 Axes
 + Level 1.1 Maces & Flails
 + Level 1.1 Polearms
 + Level 1.1 Staves
 + Level 1.1 Slings
 + Level 1.1 Bows
 + Level 8.5 Crossbows
 + Level 4.6 Throwing
 + Level 2.7 Armour
 + Level 1.1 Dodging
 + Level 1.1 Stealth
 + Level 1.1 Shields
 + Level 1.1 Unarmed Combat
 + Level 3.0 Spellcasting
 + Level 0.8 Conjurations
 + Level 0.8 Hexes
 + Level 0.8 Summonings
 + Level 0.8 Necromancy
 + Level 0.8 Translocations
 + Level 0.8 Transmutations
 + Level 0.8 Fire Magic
 + Level 0.8 Ice Magic
 + Level 2.2 Air Magic
 + Level 0.8 Earth Magic
 + Level 0.8 Poison Magic
 + Level 1.2 Invocations
 + Level 1.1 Evocations


You had 8 spell levels left.
You knew the following spells:

 Your Spells              Type           Power      Damage    Failure   Level
a - Shock                 Conj/Air       16%        1d4       19%         1

Your spell library contained the following spells:

 Spells                   Type           Power      Damage    Failure   Level
 Swiftness                Air            5%         N/A       41%         3


Dungeon Overview and Level Annotations

Branches:
Dungeon (2/15)

Altars:

Annotations:
D:2 Crazy Yiuf


Innate Abilities, Weirdness & Mutations

You have very sharp teeth.
Your uncanny sense of smell can sniff out nearby items.
Your experience applies equally to all skills.


Message History

An endoplasm comes into view.
An endoplasm is nearby!
You shoot a bolt. The bolt hits the endoplasm!
You kill the endoplasm!
No target in view!
You see here a +0 mace.
You see here a +0 mace of protection.
Key pressed, stopping explore.
Could not explore, unopened runed door.
As you open the door, it creaks loudly!
Crazy Yiuf shouts!
Crazy Yiuf sings, "Trees, trees, trees, circus!"
You shoot a bolt. The bolt hits Crazy Yiuf.
Crazy Yiuf is moderately wounded.
Crazy Yiuf barely misses you.
You shoot a bolt. The bolt barely misses Crazy Yiuf.
Crazy Yiuf closely misses you.
You shoot a bolt.
The bolt hits Crazy Yiuf but does no damage.
Crazy Yiuf is moderately wounded.
Crazy Yiuf closely misses you.
Crazy Yiuf hits you with a +4 quarterstaff of chaos!
Crazy Yiuf burns you.
You shoot a bolt. The bolt barely misses Crazy Yiuf.
Crazy Yiuf closely misses you.
You shoot a bolt. The bolt closely misses Crazy Yiuf.
Crazy Yiuf hits you with a +4 quarterstaff of chaos!
Crazy Yiuf burns you.
* * * LOW HITPOINT WARNING * * *
You are too injured to fight recklessly!
Casting: Shock (safe; 19% risk of failure)
Confirm with . or Enter, or press ? or * to list all spells.
Aiming: Shock (safe; 19% risk of failure)
Press: ? - help, Shift-Dir - straight line, f/p - Crazy Yiuf
Aim: Crazy Yiuf, wielding a +4 quarterstaff of chaos and wearing a +0 cloak (moderately wounded, 69% to hit)
The zap misses Crazy Yiuf.
Crazy Yiuf hits you with a +4 quarterstaff of chaos!
* * * LOW HITPOINT WARNING * * *
You feel better.
Crazy Yiuf hits you with a +4 quarterstaff of chaos!
You die...

..........'...#'##.# ##..........
.......#.########### #...........
.........### #....#......
#....###...# ##### #........###
#....# #...# #)..# #........###
#....###...# #...# #.÷......#..
...........# ... #.........##
#........### #g# #....####.##
#....<.....# #@## #...........
#....###...# ##.# #...........
#....###...# #.## ##.#......÷.
......#....# ##.# #..#....÷...
......#...## ##.## #..#........
......#...# ##...# #^.#........
......#...## #))))# ##..........
...........# #))))# ##..#.#.....
...........#####..####...........


You could see Crazy Yiuf.

Vanquished Creatures
  3 adders (D:2)
  2 dart slugs
  5 ball pythons
  2 endoplasms (D:2)
  A giant cockroach (D:1)
  5 goblins (D:1)
  A hobgoblin (D:2)
  8 jackals
  2 quokkas
  A bat (D:2)
  A frilled lizard (D:2)
  3 kobolds
  7 rats
41 creatures vanquished.

Notes
Turn   | Place    | Note
-------+----------+-------------------------------------------
     0 | D:1      | bande the Gnoll Wanderer began the quest for the Orb.
     0 | D:1      | bande set off with the following items: a +0 vorpal hand
                  | crossbow, 9 boomerangs, a +0 dagger, a potion of curing, a
                  | +0 leather armour; and the following spell memorised:
                  | Shock; and the following spells available to memorise:
                  | Swiftness
     0 | D:1      | Reached XP level 1. HP: 17/17 MP: 4/4
   184 | D:1      | Reached XP level 2. HP: 23/23 MP: 5/5
   593 | D:1      | You fall into a shaft and drop 1 floor!
   644 | D:2      | Reached XP level 3. HP: 28/28 MP: 7/7
   721 | D:2      | Reached skill level 1 in Invocations
  1196 | D:2      | Reached skill level 1 in Short Blades
  1196 | D:2      | Reached skill level 1 in Long Blades
  1196 | D:2      | Reached skill level 1 in Axes
  1196 | D:2      | Reached skill level 1 in Maces & Flails
  1196 | D:2      | Reached skill level 1 in Polearms
  1196 | D:2      | Reached skill level 1 in Staves
  1196 | D:2      | Reached skill level 1 in Slings
  1196 | D:2      | Reached skill level 1 in Bows
  1196 | D:2      | Reached skill level 1 in Dodging
  1196 | D:2      | Reached skill level 1 in Stealth
  1196 | D:2      | Reached skill level 1 in Shields
  1196 | D:2      | Reached skill level 1 in Unarmed Combat
  1196 | D:2      | Reached skill level 1 in Evocations
  1199 | D:2      | Reached XP level 4. HP: 34/34 MP: 8/8
  1307 | D:2      | Identified the +7 mace "Ylafuiq" {drain, SInv Stlth+}
  1309 | D:2      | Found a runed translucent door.
  1312 | D:2      | Identified the +5 mace of Lies {drain, *Noise Drain rF+++
                  | rN++}
  1318 | D:2      | Noticed Crazy Yiuf
  1638 | D:2      | Slain by Crazy Yiuf

Illustrated notes

Levels and vault maps discovered:
D:1:      lightli_arrival_lavapool, layout_basic
D:2:      layout_basic, uniq_crazy_yiuf_cottage

Skill      XL: |  1  2  3  4 |
---------------+-------------+-----
Air Magic      | 2 |  2.2
Invocations    | 1 |  1.2
Short Blades   | 1 |  1.1
Long Blades    | 1 |  1.1
Axes           | 1 |  1.1
Maces & Flails | 1 |  1.1
Polearms       | 1 |  1.1
Staves         | 1 |  1.1
Slings         | 1 |  1.1
Bows           | 1 |  1.1
Dodging        | 1 |  1.1
Stealth        | 1 |  1.1
Shields        | 1 |  1.1
Unarmed Combat | 1 |  1.1
Evocations     | 1 |  1.1
Spellcasting   | 3 |  3.0
Fighting       | |  2.7
Crossbows      | |  8.5
Throwing       | |  4.6
Armour         | |  2.7
Conjurations   | |  0.8
Hexes          | |  0.8
Summonings     | |  0.8
Necromancy     | |  0.8
Translocations | |  0.8
Transmutations | |  0.8
Fire Magic     | |  0.8
Ice Magic      | |  0.8
Earth Magic    | |  0.8
Poison Magic   | |  0.8

Action                   |  1- 3 |  4- 6 || total
-------------------------+-------+-------++-------
 Fire: Hand crossbow     |    87 |    20 ||   107
 Cast: Shock             |       |     1 ||     1
  Use: Scroll            |     2 |       ||     2
       Potion            |       |     1 ||     1
Armor: Leather armour    |     6 |       ||     6
Dodge: Dodged            |    20 |     5 ||    25

Table legend: (Time is in decaauts)
 A = Elapsed time spent in this place.
 B = Non-inter-level travel time spent in this place.
 C = Inter-level travel time spent in this place.
 D = Time resting spent in this place.
 E = Time spent auto-exploring this place.
 F = Levels seen in this place.
 G = Mean time per level.
                   A        B        C        D        E       F      G
               +--------+--------+--------+--------+--------+-----+--------+
         Total |   1648 |   1648 |      0 |      0 |   1418 |   2 |  824.0 |
       Dungeon |   1648 |   1648 |      0 |      0 |   1418 |   2 |  824.0 |
               +--------+--------+--------+--------+--------+-----+--------+

Top non-repeatable levels by time:
     D:2: 831 daAuts
     D:1: 817 daAuts
